[ PARTIDA AOE2 · #459510431 ]
UnrankedFrancos vs Cumans
[ ANÁLISIS DE REPETICIÓN · EXTRAÍDO DE LA PARTIDA GRABADA ]
Feudal
14:00
Castillos
17:57
Imperial
38:10
| APM promedio | 33.0 |
| APM pico | 65 |
| eAPM promedio | 21.6 |
| Aldeanos / militares | 163 / 1134 |
Foco
⚔️ 45.3% · 🌾 54.7%
Scout Cavalry ×503 · Knight ×301 · Skirmisher ×153 · Spearman ×132 · Trade Cart ×34 · Hand Cannoneer ×20
Feudal
12:34
Castillos
23:12
Imperial
72:37
| APM promedio | 36.5 |
| APM pico | 68 |
| eAPM promedio | 22.6 |
| Aldeanos / militares | 176 / 563 |
Foco
⚔️ 31.5% · 🌾 68.5%
Scout Cavalry ×300 · Knight ×147 · Camel Scout ×89 · Galley ×19 · Unknown (2626) ×18 · Fishing Ship ×10
Feudal
12:10
Castillos
22:30
Imperial
40:25
| APM promedio | 92.6 |
| APM pico | 161 |
| eAPM promedio | 62.7 |
| Aldeanos / militares | 275 / 1076 |
Foco
⚔️ 65.2% · 🌾 34.8%
Spearman ×614 · Militia ×185 · Skirmisher ×124 · Hand Cannoneer ×96 · Trade Cart ×50 · Bombard Cannon ×28
Feudal
12:55
Castillos
17:40
Imperial
34:37
| APM promedio | 34.4 |
| APM pico | 65 |
| eAPM promedio | 20.0 |
| Aldeanos / militares | 192 / 696 |
Foco
⚔️ 35.3% · 🌾 64.7%
Scout Cavalry ×539 · Camel Scout ×52 · Gbeto ×42 · Skirmisher ×32 · Trade Cart ×25 · Battering Ram ×16
Feudal
13:47
Castillos
17:58
Imperial
39:14
| APM promedio | 41.6 |
| APM pico | 85 |
| eAPM promedio | 20.8 |
| Aldeanos / militares | 171 / 633 |
Foco
⚔️ 40.1% · 🌾 59.9%
Spearman ×428 · Plumed Archer ×188 · Trade Cart ×14 · Trebuchet (Packed) ×12 · Fishing Ship ×4 · Battering Ram ×3
Feudal
10:42
Castillos
25:32
Imperial
35:50
| APM promedio | 63.3 |
| APM pico | 115 |
| eAPM promedio | 42.2 |
| Aldeanos / militares | 303 / 1026 |
Foco
⚔️ 54.2% · 🌾 45.8%
Skirmisher ×433 · Leitis ×184 · Spearman ×162 · Scout Cavalry ×135 · Hand Cannoneer ×40 · Galley ×38
Feudal
14:37
Castillos
25:56
Imperial
46:45
| APM promedio | 45.2 |
| APM pico | 85 |
| eAPM promedio | 35.1 |
| Aldeanos / militares | 371 / 667 |
Foco
⚔️ 43.3% · 🌾 56.7%
Mameluke ×621 · Trade Cart ×84 · Trebuchet (Packed) ×35 · Fire Galley ×9 · Fishing Ship ×9 · Unknown (2626) ×5
Feudal
15:19
Castillos
19:24
Imperial
49:02
| APM promedio | 44.1 |
| APM pico | 117 |
| eAPM promedio | 27.1 |
| Aldeanos / militares | 243 / 240 |
Foco
⚔️ 37.7% · 🌾 62.3%
Eagle Scout ×159 · Fishing Ship ×89 · Archer ×41 · Trade Cart ×32 · Fire Galley ×15 · Mangonel ×13
Mapa de la partida
Recursos iniciales + cada clic de construcción. Líneas = muros · curvas = relieve. ◆ oro · ⬟ piedra · ● bayas · ✦ reliquia · ◌ hueco del cierre
Tu base· Abierta — hueco de 9t
Base de Dino_M· Abierta — hueco de 5t
Base de [SotC] Spirit· Abierta — hueco de 13t
Base de hK | Hurakán· Abierta — hueco de 6t
Base de Xololo· Abierta — hueco de 9t
Base de ReydeCopas· Abierta — hueco de 5t
Base de [BÜN] Schmirgel· Abierta — hueco de 2t
Base de hK | FraKTal· Abierta — flanco sin cerrar
Terreno inicial suavizado · ◌ = hueco del cierre detectado · pasá el cursor para detalles
Inputs por minuto
— Space☆Cuchito - - Dino_M
Build order — Space☆Cuchito
Primeras 150 de 764 acciones detectadas
| 0:05 | Construir | Town Center |
| 0:50 | Construir | Dock |
| 0:52 | Construir | House |
| 2:28 | Crear | Villager (Male) |
| 2:28 | Crear | Villager (Male) |
| 2:28 | Crear | Villager (Male) |
| 2:29 | Crear | Villager (Male) |
| 3:25 | Investigar | Loom |
| 3:27 | Crear | Villager (Male) |
| 3:51 | Crear | Villager (Male) |
| 4:20 | Construir | House |
| 4:26 | Construir | House |
| 4:38 | Construir | House |
| 5:03 | Crear | Villager (Male) |
| 5:11 | Crear | Fishing Ship |
| 5:30 | Crear | Villager (Male) |
| 5:50 | Construir | Outpost |
| 5:57 | Crear | Villager (Male) |
| 6:00 | Crear | Fishing Ship |
| 6:22 | Crear | Villager (Male) |
| 6:29 | Construir | House |
| 6:40 | Crear | Villager (Male) |
| 6:54 | Construir | House |
| 7:06 | Crear | Villager (Male) |
| 7:16 | Crear | Villager (Male) |
| 7:40 | Crear | Villager (Male) |
| 7:44 | Crear | Fishing Ship |
| 7:44 | Crear | Fishing Ship |
| 7:59 | Crear | Villager (Male) |
| 8:21 | Crear | Fishing Ship |
| 8:28 | Construir | House |
| 8:43 | Crear | Villager (Male) |
| 8:51 | Crear | Fishing Ship |
| 9:01 | Crear | Villager (Male) |
| 9:23 | Crear | Villager (Male) |
| 9:46 | Crear | Villager (Male) |
| 9:49 | Construir | Dock |
| 10:03 | Crear | Villager (Male) |
| 10:18 | Construir | Mining Camp |
| 10:34 | Crear | Fishing Ship |
| 10:59 | Construir | Mill |
| 11:00 | Crear | Villager (Male) |
| 11:08 | Construir | House |
| 11:16 | Crear | Villager (Male) |
| 11:43 | Investigar | Feudal Age |
| 11:44 | Investigar | Feudal Age |
| 12:11 | Construir | House |
| 12:29 | Crear | Villager (Male) |
| 13:59 | Crear | Villager (Male) |
| 14:00 | Edad | Edad Feudal |
| 14:03 | Construir | Market |
| 14:07 | Construir | Blacksmith |
| 14:26 | Crear | Fire Galley |
| 15:17 | Investigar | Castle Age |
| 15:50 | Crear | Villager (Male) |
| 16:03 | Construir | Lumber Camp |
| 16:25 | Investigar | Double-Bit Axe |
| 16:36 | Crear | Fire Galley |
| 16:37 | Crear | Fire Galley |
| 17:31 | Crear | Villager (Male) |
| 17:57 | Edad | Edad de los Castillos |
| 18:01 | Construir | Castle |
| 18:06 | Crear | Villager (Male) |
| 18:14 | Crear | Unit 2626 |
| 18:22 | Crear | Unit 2626 |
| 18:34 | Crear | Villager (Male) |
| 18:36 | Investigar | Bow Saw |
| 18:51 | Crear | Villager (Male) |
| 18:58 | Crear | Throwing Axeman |
| 19:16 | Investigar | War Galley (upgrade) |
| 19:20 | Crear | Villager (Male) |
| 19:28 | Crear | Villager (Male) |
| 19:41 | Crear | Villager (Male) |
| 20:08 | Crear | Unit 2626 |
| 20:09 | Crear | Unit 2626 |
| 20:17 | Crear | Villager (Male) |
| 20:49 | Construir | Siege Workshop |
| 21:12 | Construir | Farm |
| 21:13 | Construir | Farm |
| 21:14 | Construir | Farm |
| 21:34 | Crear | Villager (Male) |
| 21:44 | Crear | Mangonel |
| 21:50 | Construir | Mining Camp |
| 21:55 | Crear | Villager (Male) |
| 22:07 | Crear | Villager (Male) |
| 22:47 | Construir | Castle |
| 22:53 | Crear | Villager (Male) |
| 23:01 | Crear | Villager (Male) |
| 23:04 | Construir | Farm |
| 23:04 | Construir | Farm |
| 23:08 | Crear | Villager (Male) |
| 23:15 | Construir | House |
| 23:21 | Construir | Farm |
| 23:37 | Crear | Villager (Male) |
| 23:41 | Construir | Town Center |
| 23:53 | Crear | Fire Galley |
| 23:53 | Crear | Fire Galley |
| 24:00 | Crear | Unit 2626 |
| 24:00 | Crear | Unit 2626 |
| 24:00 | Crear | Unit 2626 |
| 24:05 | Crear | Villager (Male) |
| 24:10 | Investigar | Forging |
| 24:14 | Crear | Villager (Male) |
| 24:24 | Construir | Lumber Camp |
| 24:41 | Construir | House |
| 24:50 | Crear | Villager (Male) |
| 24:58 | Crear | Mangonel |
| 25:12 | Construir | Farm |
| 25:14 | Crear | Villager (Male) |
| 25:43 | Crear | Villager (Male) |
| 25:43 | Crear | Villager (Male) |
| 26:05 | Crear | Villager (Male) |
| 26:26 | Crear | Villager (Male) |
| 26:39 | Construir | Town Center |
| 26:46 | Crear | Villager (Male) |
| 26:55 | Crear | Villager (Male) |
| 27:15 | Crear | Villager (Male) |
| 27:24 | Construir | Farm |
| 27:43 | Construir | House |
| 27:47 | Construir | Farm |
| 27:48 | Construir | Farm |
| 27:56 | Construir | Farm |
| 27:57 | Construir | Farm |
| 28:01 | Construir | Farm |
| 28:05 | Construir | Farm |
| 28:07 | Construir | Farm |
| 28:08 | Construir | Farm |
| 28:08 | Construir | Farm |
| 28:08 | Construir | Farm |
| 28:08 | Construir | Farm |
| 28:13 | Crear | Villager (Male) |
| 28:24 | Construir | Farm |
| 28:24 | Construir | Farm |
| 28:24 | Construir | Farm |
| 28:25 | Construir | Farm |
| 28:25 | Construir | Farm |
| 28:25 | Construir | Farm |
| 28:29 | Crear | Villager (Male) |
| 28:39 | Crear | Villager (Male) |
| 28:39 | Crear | Villager (Male) |
| 28:46 | Crear | Trade Cog |
| 28:46 | Crear | Trade Cog |
| 28:53 | Crear | Villager (Male) |
| 29:21 | Crear | Villager (Male) |
| 29:29 | Crear | Villager (Male) |
| 29:29 | Crear | Villager (Male) |
| 29:49 | Crear | Villager (Male) |
| 29:50 | Crear | Villager (Male) |
| 29:50 | Crear | Villager (Male) |
| 30:12 | Crear | Villager (Male) |
Build order — Dino_M
Primeras 150 de 666 acciones detectadas
| 0:34 | Construir | Town Center |
| 1:08 | Construir | Dock |
| 1:11 | Construir | House |
| 2:45 | Crear | Villager (Male) ×4 |
| 3:51 | Crear | Fishing Ship |
| 3:51 | Crear | Fishing Ship |
| 3:56 | Construir | Palisade Wall |
| 4:05 | Construir | Palisade Wall |
| 4:17 | Crear | Villager (Male) |
| 4:27 | Construir | House |
| 4:58 | Crear | Villager (Male) |
| 4:58 | Crear | Villager (Male) |
| 5:23 | Crear | Villager (Male) |
| 5:42 | Crear | Fishing Ship |
| 5:43 | Crear | Villager (Male) |
| 6:07 | Crear | Villager (Male) |
| 6:17 | Construir | House |
| 6:30 | Crear | Fishing Ship |
| 6:31 | Crear | Fishing Ship |
| 6:39 | Crear | Villager (Male) |
| 7:10 | Crear | Villager (Male) |
| 7:10 | Crear | Villager (Male) |
| 7:37 | Crear | Villager (Male) |
| 7:42 | Construir | Mill |
| 7:54 | Crear | Villager (Male) |
| 7:58 | Crear | Fishing Ship |
| 7:58 | Crear | Fishing Ship |
| 8:05 | Construir | House |
| 8:28 | Crear | Villager (Male) |
| 8:56 | Crear | Fishing Ship |
| 9:01 | Crear | Villager (Male) |
| 9:10 | Investigar | Loom |
| 9:52 | Crear | Fishing Ship |
| 10:06 | Construir | House |
| 10:24 | Investigar | Feudal Age |
| 11:10 | Construir | Dock |
| 11:20 | Construir | Dock |
| 11:53 | Construir | Lumber Camp |
| 12:34 | Edad | Edad Feudal |
| 12:36 | Construir | Town Center |
| 12:37 | Crear | Villager (Male) |
| 12:44 | Investigar | Double-Bit Axe |
| 12:45 | Crear | Villager (Male) |
| 13:25 | Investigar | Horse Collar |
| 13:26 | Crear | Villager (Male) |
| 13:33 | Construir | Farm |
| 13:37 | Crear | Villager (Male) |
| 13:51 | Construir | Farm |
| 14:16 | Crear | Villager (Male) |
| 14:21 | Construir | Farm |
| 14:24 | Crear | Villager (Male) |
| 14:25 | Crear | Villager (Male) |
| 14:32 | Crear | Villager (Male) |
| 14:39 | Construir | House |
| 14:40 | Construir | House |
| 14:50 | Crear | Villager (Male) |
| 14:55 | Crear | Villager (Male) |
| 15:06 | Construir | Farm |
| 15:07 | Construir | Farm |
| 15:13 | Crear | Villager (Male) |
| 15:23 | Crear | Villager (Male) |
| 15:31 | Construir | House |
| 15:32 | Construir | House |
| 15:36 | Crear | Villager (Male) |
| 15:46 | Construir | Mill |
| 15:49 | Crear | Villager (Male) |
| 16:00 | Crear | Villager (Male) |
| 16:05 | Construir | Palisade Gate |
| 16:09 | Crear | Villager (Male) |
| 16:17 | Crear | Villager (Male) |
| 16:20 | Construir | Farm |
| 16:21 | Construir | Farm |
| 16:22 | Construir | Farm |
| 16:29 | Crear | Villager (Male) |
| 16:29 | Crear | Villager (Male) |
| 16:34 | Construir | Farm |
| 17:21 | Crear | Villager (Male) |
| 17:29 | Investigar | Wheelbarrow |
| 17:30 | Crear | Villager (Male) |
| 17:33 | Construir | Barracks |
| 17:41 | Construir | Mining Camp |
| 18:18 | Crear | Villager (Male) |
| 18:19 | Crear | Villager (Male) |
| 18:21 | Crear | Villager (Male) |
| 18:26 | Construir | Market |
| 18:46 | Crear | Villager (Male) |
| 18:51 | Construir | Stable |
| 18:56 | Construir | Blacksmith |
| 18:59 | Construir | Palisade Wall |
| 19:05 | Crear | Villager (Male) |
| 19:07 | Investigar | Gold Mining |
| 19:11 | Crear | Villager (Male) |
| 19:14 | Construir | Farm |
| 19:18 | Construir | Farm |
| 19:28 | Crear | Villager (Male) |
| 20:21 | Construir | Stable |
| 20:22 | Construir | Stable |
| 20:32 | Investigar | Castle Age |
| 20:32 | Investigar | Castle Age |
| 20:36 | Crear | Villager (Male) |
| 20:36 | Crear | Villager (Male) |
| 20:50 | Construir | Mill |
| 20:51 | Construir | Farm |
| 20:52 | Construir | Farm |
| 20:53 | Construir | Farm |
| 20:54 | Construir | Farm |
| 20:54 | Construir | Farm |
| 20:55 | Construir | Farm |
| 20:56 | Construir | Farm |
| 20:57 | Construir | Farm |
| 21:04 | Crear | Villager (Male) |
| 21:12 | Crear | Villager (Male) |
| 21:16 | Investigar | Scale Barding Armor |
| 21:26 | Construir | Stable |
| 21:38 | Crear | Villager (Male) |
| 21:45 | Construir | Farm |
| 21:56 | Investigar | Bloodlines |
| 22:04 | Investigar | Forging |
| 22:07 | Crear | Villager (Male) |
| 22:14 | Construir | Farm |
| 22:17 | Crear | Villager (Male) |
| 22:27 | Construir | House |
| 22:36 | Construir | House |
| 22:36 | Construir | House |
| 22:37 | Construir | House |
| 22:40 | Crear | Villager (Male) |
| 22:48 | Investigar | Town Watch |
| 23:02 | Construir | House |
| 23:12 | Edad | Edad de los Castillos |
| 23:15 | Construir | Palisade Gate |
| 23:24 | Crear | Knight ×5 |
| 23:24 | Crear | Knight ×5 |
| 23:25 | Crear | Knight ×2 |
| 23:39 | Crear | Fishing Ship |
| 23:46 | Crear | Villager (Male) |
| 23:46 | Crear | Villager (Male) |
| 23:51 | Crear | Knight ×2 |
| 23:52 | Crear | Knight ×2 |
| 23:54 | Crear | Villager (Male) |
| 23:58 | Construir | Farm |
| 24:01 | Construir | Farm |
| 24:02 | Construir | Farm |
| 24:05 | Crear | Villager (Male) |
| 24:07 | Construir | House |
| 24:07 | Construir | House |
| 24:14 | Crear | Villager (Male) |
| 24:15 | Crear | Villager (Male) |
| 24:29 | Crear | Steppe Lancer |
| 24:29 | Crear | Steppe Lancer |
| 24:42 | Investigar | Iron Casting |
Build order — [SotC] Spirit
Primeras 150 de 1270 acciones detectadas
| 0:18 | Construir | Town Center |
| 2:13 | Construir | Dock |
| 2:16 | Construir | House |
| 2:34 | Crear | Villager (Male) |
| 2:34 | Crear | Villager (Male) |
| 2:35 | Crear | Villager (Male) |
| 2:35 | Crear | Villager (Male) |
| 2:35 | Crear | Villager (Male) |
| 3:36 | Crear | Fishing Ship |
| 3:36 | Crear | Fishing Ship |
| 4:02 | Construir | House |
| 4:07 | Construir | Palisade Wall |
| 4:13 | Investigar | Loom |
| 4:37 | Crear | Villager (Male) |
| 4:37 | Crear | Villager (Male) |
| 5:02 | Crear | Villager (Male) |
| 5:02 | Crear | Villager (Male) |
| 5:18 | Crear | Fishing Ship |
| 5:18 | Crear | Fishing Ship |
| 5:18 | Crear | Fishing Ship |
| 5:29 | Crear | Villager (Male) |
| 5:29 | Crear | Villager (Male) |
| 6:00 | Construir | House |
| 6:06 | Crear | Villager (Male) |
| 6:06 | Crear | Villager (Male) |
| 6:09 | Crear | Fishing Ship |
| 6:09 | Crear | Fishing Ship |
| 6:34 | Crear | Villager (Male) |
| 6:34 | Crear | Villager (Male) |
| 6:35 | Crear | Villager (Male) |
| 6:52 | Crear | Villager (Male) |
| 6:52 | Crear | Villager (Male) |
| 6:57 | Crear | Fishing Ship |
| 6:57 | Crear | Fishing Ship |
| 6:57 | Crear | Fishing Ship |
| 7:12 | Crear | Villager (Male) |
| 7:28 | Construir | House |
| 7:32 | Crear | Villager (Male) |
| 7:48 | Crear | Fishing Ship |
| 8:09 | Crear | Villager (Male) |
| 8:31 | Construir | Lumber Camp |
| 8:35 | Crear | Villager (Male) |
| 8:59 | Crear | Villager (Male) |
| 9:27 | Crear | Villager (Male) |
| 9:39 | Construir | Dock |
| 10:00 | Investigar | Feudal Age |
| 10:00 | Investigar | Feudal Age |
| 10:30 | Construir | Mining Camp |
| 10:54 | Construir | House |
| 10:55 | Construir | House |
| 11:31 | Crear | Villager (Male) |
| 12:08 | Construir | Dock |
| 12:10 | Edad | Edad Feudal |
| 12:13 | Crear | Unit 2626 |
| 12:14 | Crear | Unit 2626 |
| 12:18 | Crear | Fire Galley |
| 12:18 | Crear | Fire Galley |
| 12:20 | Crear | Villager (Male) |
| 12:32 | Investigar | Double-Bit Axe |
| 12:34 | Crear | Villager (Male) |
| 12:44 | Crear | Galley |
| 12:44 | Crear | Galley |
| 12:48 | Crear | Fire Galley |
| 12:48 | Crear | Fire Galley |
| 12:51 | Crear | Villager (Male) |
| 13:35 | Crear | Fire Galley |
| 13:35 | Crear | Fire Galley |
| 13:37 | Crear | Villager (Male) |
| 14:07 | Construir | Mill |
| 14:18 | Crear | Fire Galley |
| 14:19 | Crear | Fire Galley |
| 14:21 | Crear | Villager (Male) |
| 14:21 | Crear | Villager (Male) |
| 14:24 | Construir | House |
| 14:24 | Construir | House |
| 14:25 | Construir | House |
| 14:25 | Construir | House |
| 14:49 | Construir | House |
| 14:50 | Construir | House |
| 14:58 | Crear | Fire Galley |
| 14:58 | Crear | Fire Galley |
| 15:17 | Crear | Villager (Male) |
| 15:19 | Construir | Market |
| 15:19 | Construir | Market |
| 15:47 | Crear | Unit 2626 |
| 15:51 | Crear | Fire Galley |
| 15:51 | Crear | Fire Galley |
| 15:54 | Crear | Villager (Male) |
| 16:24 | Construir | Blacksmith |
| 16:28 | Crear | Villager (Male) |
| 16:38 | Crear | Villager (Male) |
| 16:47 | Construir | Mill |
| 17:05 | Crear | Unit 2626 |
| 17:07 | Crear | Fire Galley |
| 17:07 | Crear | Fire Galley |
| 17:08 | Crear | Fire Galley |
| 17:14 | Crear | Villager (Male) |
| 17:21 | Crear | Fire Galley |
| 17:21 | Crear | Fire Galley |
| 17:57 | Crear | Villager (Male) |
| 18:00 | Construir | Lumber Camp |
| 18:25 | Crear | Fire Galley |
| 18:25 | Crear | Fire Galley |
| 18:26 | Crear | Fire Galley |
| 18:26 | Crear | Fire Galley |
| 18:27 | Crear | Villager (Male) |
| 18:27 | Crear | Villager (Male) |
| 19:16 | Crear | Villager (Male) |
| 19:39 | Crear | Villager (Male) |
| 19:50 | Investigar | Castle Age |
| 20:40 | Investigar | Horse Collar |
| 20:44 | Construir | Barracks |
| 21:25 | Crear | Villager (Male) |
| 21:44 | Construir | Archery Range |
| 21:59 | Construir | House |
| 22:12 | Construir | House |
| 22:19 | Crear | Villager (Male) |
| 22:25 | Construir | House |
| 22:30 | Edad | Edad de los Castillos |
| 22:37 | Construir | University |
| 22:41 | Construir | Archery Range |
| 22:46 | Investigar | Bow Saw |
| 22:47 | Crear | Villager (Male) |
| 22:49 | Construir | Monastery |
| 23:05 | Construir | House |
| 23:11 | Crear | Villager (Male) |
| 23:27 | Investigar | Chemistry |
| 23:32 | Construir | Farm |
| 23:32 | Construir | Farm |
| 23:34 | Crear | Villager (Male) |
| 23:56 | Crear | Villager (Male) |
| 24:02 | Construir | Farm |
| 24:02 | Construir | Farm |
| 24:03 | Investigar | Fervor |
| 24:06 | Investigar | Wheelbarrow |
| 24:06 | Investigar | Wheelbarrow |
| 24:06 | Investigar | Wheelbarrow |
| 24:28 | Construir | Palisade Wall |
| 24:34 | Construir | House |
| 24:35 | Construir | House |
| 24:38 | Construir | Gate |
| 24:40 | Construir | House |
| 24:43 | Construir | Gate |
| 24:46 | Construir | Gate |
| 24:54 | Construir | Farm |
| 24:54 | Construir | Farm |
| 24:56 | Construir | Farm |
| 25:10 | Crear | Hand Cannoneer |
| 25:10 | Crear | Hand Cannoneer |
| 25:10 | Crear | Hand Cannoneer |
Build order — hK | Hurakán
Primeras 150 de 819 acciones detectadas
| 0:21 | Construir | Town Center |
| 0:35 | Construir | Dock |
| 1:18 | Construir | House |
| 2:39 | Crear | Villager (Male) |
| 2:40 | Crear | Villager (Male) |
| 2:40 | Crear | Villager (Male) |
| 2:59 | Crear | Villager (Male) |
| 3:42 | Crear | Fishing Ship |
| 4:03 | Crear | Villager (Male) |
| 4:40 | Investigar | Loom |
| 4:41 | Crear | Fishing Ship |
| 5:05 | Crear | Villager (Male) |
| 5:10 | Construir | House |
| 5:40 | Crear | Fishing Ship |
| 5:41 | Crear | Villager (Male) |
| 5:59 | Crear | Villager (Male) |
| 6:25 | Construir | House |
| 6:33 | Crear | Villager (Male) |
| 6:51 | Crear | Fishing Ship |
| 6:52 | Crear | Fishing Ship |
| 7:32 | Crear | Villager (Male) |
| 7:35 | Crear | Fishing Ship |
| 7:37 | Crear | Villager (Male) |
| 8:01 | Crear | Villager (Male) |
| 8:21 | Construir | House |
| 8:32 | Crear | Fishing Ship |
| 8:59 | Crear | Villager (Male) |
| 9:01 | Crear | Villager (Male) |
| 9:17 | Crear | Villager (Male) |
| 9:29 | Construir | Mining Camp |
| 9:31 | Crear | Villager (Male) |
| 9:40 | Crear | Villager (Male) |
| 9:49 | Crear | Villager (Male) |
| 10:00 | Crear | Villager (Male) |
| 10:07 | Construir | House |
| 10:20 | Crear | Villager (Male) |
| 10:24 | Construir | House |
| 10:45 | Investigar | Feudal Age |
| 10:51 | Construir | House |
| 11:20 | Construir | Mill |
| 12:54 | Crear | Villager (Male) |
| 12:55 | Edad | Edad Feudal |
| 13:01 | Construir | House |
| 13:14 | Construir | Blacksmith |
| 13:17 | Construir | Palisade Wall |
| 13:21 | Crear | Villager (Male) |
| 13:30 | Construir | Market |
| 14:27 | Construir | Palisade Gate |
| 14:31 | Construir | Palisade Wall |
| 15:01 | Investigar | Castle Age |
| 15:01 | Investigar | Castle Age |
| 15:15 | Construir | Lumber Camp |
| 15:43 | Investigar | Double-Bit Axe |
| 15:44 | Investigar | Double-Bit Axe |
| 16:00 | Construir | Palisade Wall |
| 16:24 | Crear | Unit 2626 |
| 16:43 | Construir | House |
| 17:31 | Crear | Villager (Male) |
| 17:34 | Crear | Villager (Male) |
| 17:40 | Edad | Edad de los Castillos |
| 17:48 | Construir | Castle |
| 18:22 | Crear | Villager (Male) |
| 18:29 | Investigar | Town Watch |
| 18:38 | Investigar | Horse Collar |
| 18:42 | Construir | Farm |
| 18:44 | Construir | Farm |
| 18:47 | Construir | Farm |
| 18:49 | Construir | Farm |
| 18:53 | Crear | Villager (Male) |
| 19:00 | Construir | House |
| 19:07 | Construir | Palisade Gate |
| 19:10 | Crear | Gbeto |
| 19:10 | Crear | Gbeto |
| 19:11 | Crear | Gbeto |
| 19:11 | Crear | Gbeto |
| 19:11 | Crear | Gbeto |
| 19:13 | Crear | Villager (Male) |
| 19:25 | Crear | Villager (Male) |
| 19:30 | Crear | Villager (Male) |
| 19:31 | Crear | Villager (Male) |
| 19:34 | Crear | Gbeto |
| 19:51 | Crear | Villager (Male) |
| 19:59 | Crear | Villager (Male) |
| 20:00 | Crear | Villager (Male) |
| 20:20 | Investigar | Wheelbarrow |
| 20:22 | Crear | Gbeto |
| 20:37 | Construir | Farm |
| 20:38 | Construir | Farm |
| 20:44 | Crear | Villager (Male) |
| 20:46 | Crear | Gbeto |
| 20:50 | Investigar | Scale Mail Armor |
| 20:51 | Crear | Villager (Male) |
| 21:01 | Crear | Villager (Male) |
| 21:10 | Crear | Gbeto |
| 21:46 | Crear | Gbeto |
| 21:46 | Crear | Gbeto |
| 22:10 | Crear | Villager (Male) |
| 22:20 | Investigar | Forging |
| 22:21 | Crear | Villager (Male) |
| 22:40 | Crear | Gbeto |
| 22:41 | Crear | Gbeto |
| 23:22 | Crear | Villager (Male) |
| 23:27 | Crear | Gbeto |
| 23:27 | Crear | Gbeto |
| 23:28 | Crear | Gbeto |
| 23:28 | Crear | Gbeto |
| 23:35 | Construir | Farm |
| 23:36 | Construir | Farm |
| 23:38 | Construir | Farm |
| 23:39 | Construir | Farm |
| 23:57 | Construir | Town Center |
| 24:07 | Crear | Gbeto |
| 24:25 | Investigar | Chain Mail Armor |
| 24:57 | Crear | Villager (Male) |
| 25:07 | Crear | Gbeto |
| 25:07 | Crear | Gbeto |
| 25:07 | Crear | Villager (Male) |
| 25:25 | Crear | Villager (Male) |
| 25:25 | Crear | Villager (Male) |
| 25:32 | Crear | Villager (Male) |
| 25:33 | Crear | Villager (Male) |
| 25:41 | Construir | Mill |
| 25:44 | Construir | Farm |
| 25:45 | Construir | Farm |
| 25:45 | Construir | Farm |
| 25:45 | Construir | Farm |
| 25:45 | Construir | Farm |
| 25:46 | Construir | Farm |
| 25:46 | Construir | Farm |
| 25:48 | Crear | Villager (Male) |
| 25:49 | Crear | Villager (Male) |
| 26:01 | Crear | Gbeto |
| 26:01 | Crear | Gbeto |
| 26:08 | Construir | Farm |
| 26:13 | Crear | Villager (Male) |
| 26:14 | Crear | Villager (Male) |
| 26:56 | Crear | Villager (Male) |
| 27:05 | Crear | Villager (Male) |
| 27:05 | Crear | Villager (Male) |
| 27:13 | Crear | Gbeto |
| 27:14 | Crear | Gbeto |
| 27:14 | Crear | Gbeto |
| 27:14 | Crear | Gbeto |
| 27:15 | Crear | Villager (Male) |
| 27:15 | Crear | Villager (Male) |
| 27:23 | Construir | Farm |
| 27:25 | Crear | Villager (Male) |
| 27:25 | Crear | Villager (Male) |
| 27:28 | Construir | Farm |
| 27:54 | Crear | Villager (Male) |
Build order — Xololo
Primeras 150 de 745 acciones detectadas
| 0:27 | Construir | Town Center |
| 0:35 | Construir | Dock |
| 1:19 | Construir | Palisade Wall |
| 1:20 | Construir | Palisade Wall |
| 1:22 | Construir | Palisade Wall |
| 1:23 | Construir | Palisade Wall |
| 1:42 | Construir | Palisade Wall |
| 1:57 | Construir | House |
| 2:40 | Crear | Villager (Male) |
| 2:41 | Investigar | Loom |
| 3:03 | Crear | Villager (Male) |
| 3:03 | Crear | Villager (Male) |
| 3:52 | Crear | Fishing Ship |
| 4:26 | Crear | Villager (Male) |
| 4:26 | Crear | Villager (Male) |
| 4:33 | Construir | House |
| 4:51 | Crear | Villager (Male) |
| 4:52 | Crear | Villager (Male) |
| 5:12 | Crear | Villager (Male) |
| 5:13 | Crear | Villager (Male) |
| 5:31 | Crear | Villager (Male) |
| 5:32 | Crear | Villager (Male) |
| 5:52 | Construir | House |
| 5:57 | Crear | Villager (Male) |
| 5:57 | Crear | Villager (Male) |
| 6:16 | Crear | Villager (Male) |
| 6:16 | Crear | Villager (Male) |
| 6:17 | Crear | Fishing Ship |
| 6:43 | Crear | Villager (Male) |
| 7:00 | Crear | Villager (Male) |
| 7:00 | Crear | Villager (Male) |
| 7:02 | Crear | Fishing Ship |
| 7:41 | Construir | House |
| 7:48 | Crear | Villager (Male) |
| 8:00 | Crear | Fishing Ship |
| 8:25 | Crear | Villager (Male) |
| 8:32 | Crear | Villager (Male) |
| 9:11 | Construir | House |
| 9:14 | Crear | Villager (Male) |
| 9:24 | Construir | House |
| 9:35 | Crear | Villager (Male) |
| 9:50 | Construir | Mill |
| 10:04 | Construir | Dock |
| 10:07 | Crear | Villager (Male) |
| 10:29 | Crear | Villager (Male) |
| 10:42 | Construir | Palisade Wall |
| 10:45 | Construir | Palisade Wall |
| 10:56 | Construir | Palisade Gate |
| 11:12 | Crear | Villager (Male) |
| 11:19 | Investigar | Feudal Age |
| 11:29 | Construir | Palisade Wall |
| 11:33 | Construir | Palisade Wall |
| 11:35 | Construir | Palisade Wall |
| 11:38 | Construir | Palisade Wall |
| 11:39 | Construir | Palisade Wall |
| 11:43 | Construir | Palisade Wall |
| 11:44 | Construir | Palisade Wall |
| 11:49 | Construir | Palisade Wall |
| 12:16 | Construir | Mining Camp |
| 13:19 | Crear | Villager (Male) |
| 13:42 | Construir | Mining Camp |
| 13:47 | Edad | Edad Feudal |
| 13:52 | Crear | Villager (Male) |
| 14:02 | Construir | Market |
| 14:32 | Construir | Blacksmith |
| 14:39 | Crear | Villager (Male) |
| 15:18 | Investigar | Castle Age |
| 15:18 | Investigar | Castle Age |
| 17:18 | Crear | Villager (Male) |
| 17:18 | Crear | Villager (Male) |
| 17:23 | Construir | Lumber Camp |
| 17:58 | Investigar | Double-Bit Axe |
| 17:58 | Edad | Edad de los Castillos |
| 18:07 | Construir | Castle |
| 18:13 | Crear | Villager (Male) |
| 18:26 | Investigar | Fletching |
| 18:43 | Investigar | Town Watch |
| 18:46 | Crear | Villager (Male) |
| 18:47 | Investigar | Bow Saw |
| 19:01 | Investigar | Bodkin Arrow |
| 19:06 | Construir | House |
| 19:08 | Construir | House |
| 19:27 | Crear | Villager (Male) |
| 19:42 | Crear | Plumed Archer |
| 19:42 | Crear | Plumed Archer |
| 19:42 | Crear | Plumed Archer |
| 19:57 | Crear | Plumed Archer |
| 20:02 | Crear | Villager (Male) |
| 20:07 | Crear | Plumed Archer |
| 20:08 | Crear | Plumed Archer |
| 20:14 | Construir | University |
| 20:21 | Crear | Villager (Male) |
| 20:26 | Crear | Plumed Archer |
| 20:39 | Crear | Villager (Male) |
| 20:43 | Crear | Plumed Archer |
| 21:06 | Crear | Plumed Archer |
| 21:12 | Crear | Plumed Archer |
| 21:31 | Crear | Villager (Male) |
| 21:35 | Construir | House |
| 21:36 | Construir | House |
| 21:45 | Crear | Villager (Male) |
| 21:48 | Investigar | Padded Archer Armor |
| 22:05 | Construir | Town Center |
| 22:09 | Crear | Plumed Archer |
| 22:09 | Crear | Plumed Archer |
| 22:09 | Crear | Plumed Archer |
| 22:38 | Crear | Plumed Archer |
| 22:41 | Crear | Villager (Male) |
| 22:42 | Crear | Plumed Archer |
| 22:42 | Crear | Plumed Archer |
| 22:47 | Construir | House |
| 22:55 | Crear | Villager (Male) |
| 22:55 | Crear | Villager (Male) |
| 22:55 | Crear | Villager (Male) |
| 23:01 | Crear | Plumed Archer |
| 23:01 | Crear | Plumed Archer |
| 23:27 | Crear | Plumed Archer |
| 23:31 | Crear | Villager (Male) |
| 23:33 | Construir | Farm |
| 23:34 | Crear | Villager (Male) |
| 23:56 | Crear | Villager (Male) |
| 23:56 | Crear | Villager (Male) |
| 24:28 | Construir | Farm |
| 24:32 | Construir | Farm |
| 24:33 | Construir | Farm |
| 24:37 | Construir | Gate |
| 24:53 | Crear | Villager (Male) |
| 24:53 | Crear | Villager (Male) |
| 24:59 | Crear | Plumed Archer |
| 25:00 | Crear | Plumed Archer |
| 25:00 | Crear | Plumed Archer |
| 25:00 | Crear | Plumed Archer |
| 25:00 | Crear | Plumed Archer |
| 25:01 | Crear | Plumed Archer |
| 25:01 | Crear | Plumed Archer |
| 25:02 | Crear | Plumed Archer |
| 25:22 | Crear | Villager (Male) |
| 25:22 | Crear | Villager (Male) |
| 25:24 | Construir | Farm |
| 25:39 | Crear | Plumed Archer |
| 25:54 | Crear | Villager (Male) |
| 25:57 | Construir | Farm |
| 26:12 | Construir | Town Center |
| 26:47 | Crear | Villager (Male) |
| 26:49 | Construir | Farm |
| 26:54 | Crear | Plumed Archer |
| 26:54 | Crear | Plumed Archer |
| 27:14 | Crear | Villager (Male) |
| 27:14 | Crear | Villager (Male) |
| 27:18 | Crear | Villager (Male) |
Build order — ReydeCopas
Primeras 150 de 1587 acciones detectadas
| 0:05 | Construir | Town Center |
| 0:33 | Construir | Dock |
| 0:37 | Construir | House |
| 2:29 | Crear | Villager (Male) |
| 2:29 | Crear | Villager (Male) |
| 2:29 | Crear | Villager (Male) |
| 2:30 | Crear | Villager (Male) |
| 2:30 | Crear | Villager (Male) |
| 2:30 | Crear | Villager (Male) |
| 2:31 | Crear | Villager (Male) |
| 3:26 | Crear | Fishing Ship |
| 3:26 | Crear | Fishing Ship |
| 3:31 | Crear | Villager (Male) |
| 3:32 | Crear | Villager (Male) |
| 4:08 | Construir | House |
| 5:06 | Crear | Villager (Male) |
| 5:07 | Crear | Villager (Male) |
| 5:22 | Crear | Fishing Ship |
| 5:36 | Construir | House |
| 5:38 | Crear | Villager (Male) |
| 5:39 | Crear | Villager (Male) |
| 5:58 | Crear | Villager (Male) |
| 6:07 | Crear | Fishing Ship |
| 6:08 | Crear | Fishing Ship |
| 6:12 | Construir | Palisade Wall |
| 7:01 | Construir | House |
| 7:02 | Crear | Fishing Ship |
| 7:04 | Crear | Villager (Male) |
| 7:24 | Crear | Villager (Male) |
| 7:45 | Crear | Villager (Male) |
| 7:54 | Construir | Mining Camp |
| 8:32 | Investigar | Feudal Age |
| 8:32 | Investigar | Feudal Age |
| 8:54 | Construir | Palisade Wall |
| 9:12 | Construir | Dock |
| 9:25 | Construir | Palisade Wall |
| 10:08 | Construir | Lumber Camp |
| 10:26 | Construir | Dock |
| 10:37 | Crear | Villager (Male) |
| 10:42 | Edad | Edad Feudal |
| 10:44 | Crear | Galley |
| 10:44 | Crear | Galley |
| 10:55 | Crear | Galley |
| 10:56 | Crear | Galley |
| 11:10 | Crear | Villager (Male) |
| 11:11 | Crear | Villager (Male) |
| 11:16 | Crear | Galley |
| 11:16 | Crear | Galley |
| 11:21 | Investigar | Loom |
| 11:23 | Investigar | Double-Bit Axe |
| 11:23 | Investigar | Double-Bit Axe |
| 11:26 | Construir | House |
| 11:39 | Crear | Villager (Male) |
| 11:59 | Crear | Galley |
| 11:59 | Crear | Galley |
| 11:59 | Crear | Galley |
| 12:01 | Crear | Villager (Male) |
| 12:07 | Construir | House |
| 12:18 | Crear | Galley |
| 12:19 | Crear | Galley |
| 12:21 | Crear | Villager (Male) |
| 12:31 | Crear | Villager (Male) |
| 12:33 | Construir | House |
| 12:36 | Crear | Galley |
| 12:36 | Crear | Galley |
| 12:36 | Crear | Galley |
| 12:52 | Construir | House |
| 13:19 | Construir | Blacksmith |
| 13:35 | Crear | Villager (Male) |
| 13:51 | Crear | Galley |
| 13:51 | Crear | Galley |
| 13:52 | Crear | Galley |
| 13:57 | Crear | Villager (Male) |
| 14:10 | Investigar | Fletching |
| 14:10 | Investigar | Fletching |
| 14:19 | Crear | Fishing Ship |
| 14:31 | Crear | Villager (Male) |
| 14:32 | Construir | House |
| 14:37 | Crear | Galley |
| 14:37 | Crear | Galley |
| 15:03 | Crear | Villager (Male) |
| 15:05 | Crear | Galley |
| 15:06 | Crear | Galley |
| 15:30 | Crear | Villager (Male) |
| 15:31 | Crear | Galley |
| 15:31 | Crear | Galley |
| 15:48 | Crear | Galley |
| 15:48 | Crear | Galley |
| 16:01 | Construir | House |
| 16:15 | Construir | Mill |
| 16:27 | Construir | House |
| 16:46 | Crear | Villager (Male) |
| 17:20 | Crear | Villager (Male) |
| 17:21 | Crear | Villager (Male) |
| 17:23 | Crear | Galley |
| 17:23 | Crear | Galley |
| 17:24 | Crear | Galley |
| 17:24 | Crear | Galley |
| 17:59 | Crear | Villager (Male) |
| 18:04 | Construir | Market |
| 18:19 | Crear | Unit 2626 |
| 18:19 | Crear | Unit 2626 |
| 18:19 | Crear | Unit 2626 |
| 18:30 | Crear | Villager (Male) |
| 18:40 | Construir | House |
| 18:46 | Crear | Unit 2626 |
| 18:46 | Crear | Unit 2626 |
| 18:47 | Crear | Unit 2626 |
| 18:56 | Crear | Villager (Male) |
| 19:48 | Crear | Fishing Ship |
| 19:48 | Crear | Fishing Ship |
| 19:49 | Crear | Fishing Ship |
| 19:49 | Crear | Villager (Male) |
| 20:00 | Construir | Lumber Camp |
| 20:21 | Crear | Fishing Ship |
| 20:21 | Crear | Fishing Ship |
| 20:27 | Crear | Villager (Male) |
| 20:34 | Construir | Mill |
| 20:40 | Construir | Mining Camp |
| 20:49 | Crear | Villager (Male) |
| 20:50 | Crear | Fishing Ship |
| 20:50 | Crear | Fishing Ship |
| 20:50 | Crear | Fishing Ship |
| 20:52 | Construir | House |
| 21:26 | Crear | Villager (Male) |
| 21:30 | Investigar | Tech 906 |
| 21:31 | Crear | Villager (Male) |
| 21:32 | Crear | Fishing Ship |
| 21:32 | Crear | Fishing Ship |
| 21:33 | Crear | Fishing Ship |
| 21:33 | Crear | Fishing Ship |
| 21:49 | Construir | House |
| 21:53 | Construir | Outpost |
| 21:55 | Construir | Outpost |
| 22:17 | Crear | Villager (Male) |
| 22:31 | Construir | Outpost |
| 22:52 | Investigar | Castle Age |
| 22:53 | Investigar | Castle Age |
| 23:06 | Investigar | Gold Mining |
| 23:07 | Investigar | Stone Mining |
| 23:07 | Investigar | Stone Mining |
| 23:07 | Investigar | Stone Mining |
| 23:32 | Construir | Dock |
| 23:40 | Crear | Galley |
| 23:41 | Crear | Galley |
| 23:41 | Crear | Galley |
| 23:41 | Crear | Galley |
| 23:58 | Construir | Outpost |
| 24:00 | Construir | Outpost |
| 24:18 | Construir | House |
Build order — [BÜN] Schmirgel
Primeras 150 de 1428 acciones detectadas
| 0:05 | Construir | Town Center |
| 2:01 | Construir | Dock |
| 2:04 | Construir | House |
| 2:23 | Construir | Palisade Wall |
| 2:30 | Crear | Villager (Male) |
| 2:30 | Crear | Villager (Male) |
| 2:30 | Crear | Villager (Male) |
| 2:42 | Crear | Villager (Male) |
| 2:43 | Construir | House |
| 3:48 | Crear | Fishing Ship |
| 4:20 | Construir | House |
| 4:26 | Investigar | Loom |
| 4:50 | Crear | Fishing Ship |
| 4:51 | Crear | Fishing Ship |
| 4:51 | Crear | Fishing Ship |
| 5:08 | Construir | Palisade Wall |
| 5:25 | Construir | House |
| 5:32 | Construir | Palisade Wall |
| 6:15 | Crear | Fishing Ship |
| 6:16 | Crear | Villager (Male) |
| 6:16 | Crear | Villager (Male) |
| 6:28 | Construir | Palisade Wall |
| 6:43 | Crear | Villager (Male) |
| 6:44 | Crear | Villager (Male) |
| 6:44 | Crear | Villager (Male) |
| 6:54 | Crear | Villager (Male) |
| 6:54 | Crear | Villager (Male) |
| 7:04 | Crear | Villager (Male) |
| 7:04 | Crear | Villager (Male) |
| 7:31 | Crear | Villager (Male) |
| 7:31 | Crear | Villager (Male) |
| 8:06 | Crear | Fishing Ship |
| 8:09 | Crear | Villager (Male) |
| 8:09 | Crear | Villager (Male) |
| 8:27 | Crear | Fishing Ship |
| 8:37 | Construir | House |
| 8:41 | Crear | Villager (Male) |
| 8:41 | Crear | Villager (Male) |
| 8:41 | Crear | Villager (Male) |
| 9:16 | Crear | Villager (Male) |
| 9:17 | Crear | Villager (Male) |
| 9:22 | Crear | Fishing Ship |
| 9:37 | Construir | House |
| 9:39 | Crear | Villager (Male) |
| 9:40 | Crear | Villager (Male) |
| 9:42 | Crear | Villager (Male) |
| 9:42 | Crear | Villager (Male) |
| 9:42 | Crear | Villager (Male) |
| 10:09 | Crear | Fishing Ship |
| 10:19 | Crear | Villager (Male) |
| 10:19 | Crear | Villager (Male) |
| 10:31 | Crear | Villager (Male) |
| 10:31 | Crear | Villager (Male) |
| 10:31 | Crear | Villager (Male) |
| 10:51 | Construir | Lumber Camp |
| 11:41 | Construir | House |
| 11:46 | Crear | Villager (Male) |
| 12:24 | Investigar | Feudal Age |
| 13:30 | Crear | Villager (Male) |
| 13:46 | Construir | Dock |
| 14:02 | Construir | Mill |
| 14:12 | Construir | House |
| 14:23 | Construir | Mining Camp |
| 14:37 | Edad | Edad Feudal |
| 14:40 | Crear | Fire Galley |
| 14:50 | Crear | Villager (Male) |
| 14:50 | Crear | Villager (Male) |
| 14:51 | Crear | Villager (Male) |
| 14:51 | Crear | Villager (Male) |
| 14:52 | Crear | Villager (Male) |
| 15:00 | Investigar | Double-Bit Axe |
| 15:07 | Construir | Market |
| 15:42 | Crear | Fire Galley |
| 15:43 | Crear | Fire Galley |
| 15:43 | Crear | Fire Galley |
| 15:47 | Construir | House |
| 15:53 | Crear | Unit 2626 |
| 16:05 | Crear | Villager (Male) |
| 16:06 | Crear | Villager (Male) |
| 16:14 | Construir | Outpost |
| 16:28 | Crear | Fire Galley |
| 16:40 | Crear | Villager (Male) |
| 16:50 | Investigar | Town Watch |
| 16:52 | Construir | House |
| 16:56 | Construir | Outpost |
| 16:57 | Crear | Villager (Male) |
| 17:06 | Crear | Unit 2626 |
| 17:09 | Crear | Fire Galley |
| 17:21 | Crear | Villager (Male) |
| 17:25 | Construir | House |
| 17:30 | Construir | Outpost |
| 17:35 | Construir | Outpost |
| 17:38 | Construir | Outpost |
| 17:57 | Crear | Villager (Male) |
| 18:06 | Crear | Fire Galley |
| 18:06 | Crear | Fire Galley |
| 18:12 | Crear | Villager (Male) |
| 18:13 | Crear | Villager (Male) |
| 18:28 | Crear | Villager (Male) |
| 19:15 | Crear | Villager (Male) |
| 19:22 | Crear | Villager (Male) |
| 19:24 | Crear | Fire Galley |
| 19:28 | Crear | Villager (Male) |
| 20:04 | Crear | Unit 2626 |
| 20:21 | Crear | Villager (Male) |
| 20:27 | Crear | Villager (Male) |
| 20:49 | Crear | Galley |
| 20:50 | Crear | Unit 2626 |
| 20:53 | Crear | Villager (Male) |
| 21:04 | Construir | Lumber Camp |
| 21:09 | Construir | Mining Camp |
| 21:22 | Crear | Villager (Male) |
| 21:29 | Crear | Unit 2626 |
| 21:29 | Crear | Galley |
| 21:59 | Construir | House |
| 22:03 | Construir | House |
| 22:10 | Construir | Blacksmith |
| 23:16 | Investigar | Castle Age |
| 23:16 | Investigar | Castle Age |
| 24:17 | Construir | Market |
| 25:36 | Investigar | Horse Collar |
| 25:56 | Edad | Edad de los Castillos |
| 26:03 | Investigar | Bow Saw |
| 26:17 | Investigar | Heavy Plow |
| 27:10 | Construir | Town Center |
| 28:01 | Construir | House |
| 28:22 | Crear | Villager (Male) |
| 28:23 | Crear | Villager (Male) |
| 28:45 | Construir | Town Center |
| 29:13 | Crear | Villager (Male) |
| 29:14 | Crear | Villager (Male) |
| 29:47 | Crear | Villager (Male) |
| 30:09 | Crear | Villager (Male) |
| 30:25 | Crear | Villager (Male) |
| 30:26 | Crear | Villager (Male) |
| 30:31 | Crear | Villager (Male) |
| 30:31 | Crear | Villager (Male) |
| 30:55 | Crear | Villager (Male) |
| 31:12 | Crear | Villager (Male) |
| 31:19 | Crear | Villager (Male) |
| 31:39 | Crear | Villager (Male) |
| 31:54 | Crear | Villager (Male) |
| 31:56 | Crear | Villager (Male) |
| 31:58 | Crear | Villager (Male) |
| 32:14 | Construir | Town Center |
| 32:16 | Crear | Villager (Male) |
| 32:17 | Crear | Villager (Male) |
| 32:27 | Construir | Mill |
| 32:29 | Crear | Villager (Male) |
| 32:31 | Crear | Villager (Male) |
Build order — hK | FraKTal
Primeras 150 de 897 acciones detectadas
| 0:16 | Construir | Town Center |
| 1:27 | Construir | Palisade Wall |
| 1:27 | Construir | Palisade Wall |
| 2:18 | Construir | Palisade Wall |
| 2:31 | Construir | Palisade Wall |
| 2:32 | Construir | Palisade Wall |
| 2:35 | Construir | Palisade Wall |
| 2:43 | Crear | Villager (Male) |
| 2:43 | Crear | Villager (Male) |
| 2:43 | Crear | Villager (Male) |
| 2:44 | Crear | Villager (Male) |
| 2:44 | Crear | Villager (Male) |
| 3:18 | Construir | Dock |
| 3:23 | Investigar | Loom |
| 3:24 | Construir | House |
| 3:38 | Crear | Villager (Male) |
| 3:38 | Crear | Villager (Male) |
| 4:18 | Crear | Villager (Male) |
| 4:19 | Crear | Villager (Male) |
| 4:34 | Crear | Fishing Ship |
| 4:47 | Construir | Palisade Wall |
| 4:49 | Construir | Palisade Wall |
| 4:52 | Construir | Palisade Wall |
| 5:19 | Construir | Palisade Wall |
| 5:26 | Crear | Fishing Ship |
| 5:53 | Construir | House |
| 6:04 | Crear | Villager (Male) |
| 6:04 | Crear | Villager (Male) |
| 6:38 | Crear | Villager (Male) |
| 6:38 | Crear | Villager (Male) |
| 6:39 | Crear | Fishing Ship |
| 7:08 | Crear | Villager (Male) |
| 7:08 | Crear | Villager (Male) |
| 7:09 | Crear | Villager (Male) |
| 7:12 | Construir | House |
| 7:29 | Crear | Villager (Male) |
| 7:29 | Crear | Villager (Male) |
| 7:29 | Crear | Villager (Male) |
| 7:39 | Construir | Palisade Wall |
| 7:40 | Construir | Palisade Wall |
| 8:00 | Crear | Villager (Male) |
| 8:20 | Crear | Villager (Male) |
| 8:21 | Crear | Villager (Male) |
| 8:21 | Crear | Villager (Male) |
| 8:24 | Crear | Fishing Ship |
| 8:35 | Crear | Villager (Male) |
| 9:02 | Construir | House |
| 9:07 | Crear | Fishing Ship |
| 9:11 | Construir | House |
| 9:13 | Crear | Villager (Male) |
| 9:14 | Crear | Villager (Male) |
| 9:14 | Crear | Villager (Male) |
| 9:49 | Crear | Fishing Ship |
| 10:02 | Crear | Villager (Male) |
| 10:11 | Crear | Villager (Male) |
| 10:11 | Crear | Villager (Male) |
| 10:46 | Crear | Villager (Male) |
| 10:55 | Construir | Mill |
| 11:17 | Crear | Villager (Male) |
| 11:40 | Crear | Villager (Male) |
| 12:07 | Crear | Fishing Ship |
| 12:15 | Crear | Villager (Male) |
| 12:15 | Crear | Villager (Male) |
| 12:37 | Crear | Villager (Male) |
| 12:47 | Construir | House |
| 12:53 | Investigar | Feudal Age |
| 12:53 | Investigar | Feudal Age |
| 13:09 | Investigar | Feudal Age |
| 13:10 | Investigar | Feudal Age |
| 13:10 | Investigar | Feudal Age |
| 13:13 | Construir | Mining Camp |
| 13:25 | Construir | House |
| 13:46 | Crear | Villager (Male) |
| 13:46 | Crear | Villager (Male) |
| 14:10 | Construir | Dock |
| 14:37 | Crear | Villager (Male) |
| 15:03 | Crear | Fishing Ship |
| 15:07 | Crear | Fishing Ship |
| 15:19 | Edad | Edad Feudal |
| 15:29 | Construir | Market |
| 15:31 | Construir | Blacksmith |
| 15:43 | Crear | Fire Galley |
| 15:44 | Crear | Fire Galley |
| 15:44 | Crear | Fire Galley |
| 15:59 | Crear | Villager (Male) |
| 16:09 | Construir | House |
| 16:27 | Crear | Galley |
| 16:35 | Investigar | Castle Age |
| 16:36 | Investigar | Castle Age |
| 16:36 | Investigar | Castle Age |
| 16:57 | Construir | House |
| 17:21 | Construir | Lumber Camp |
| 17:37 | Crear | Fire Galley |
| 17:42 | Crear | Fire Galley |
| 18:14 | Construir | Barracks |
| 18:20 | Investigar | Double-Bit Axe |
| 18:20 | Investigar | Double-Bit Axe |
| 18:32 | Crear | Villager (Male) |
| 19:15 | Crear | Fire Galley |
| 19:15 | Crear | Fire Galley |
| 19:24 | Construir | Barracks |
| 19:24 | Edad | Edad de los Castillos |
| 19:37 | Construir | Town Center |
| 19:44 | Crear | Eagle Scout |
| 19:47 | Investigar | Eagle Warrior (upgrade) |
| 19:49 | Investigar | Squires |
| 19:50 | Crear | Villager (Male) |
| 19:52 | Construir | House |
| 20:19 | Crear | Villager (Male) |
| 20:19 | Crear | Villager (Male) |
| 20:21 | Crear | Eagle Scout |
| 20:21 | Crear | Eagle Scout |
| 20:21 | Crear | Eagle Scout |
| 20:23 | Crear | Villager (Male) |
| 20:33 | Investigar | Bow Saw |
| 20:33 | Investigar | Bow Saw |
| 20:37 | Crear | Fishing Ship |
| 20:37 | Crear | Fishing Ship |
| 20:39 | Crear | Fishing Ship |
| 20:39 | Crear | Fishing Ship |
| 20:45 | Crear | Villager (Male) |
| 20:46 | Crear | Villager (Male) |
| 20:59 | Crear | Eagle Scout |
| 21:00 | Crear | Eagle Scout |
| 21:00 | Crear | Eagle Scout |
| 21:16 | Crear | Villager (Male) |
| 21:17 | Crear | Villager (Male) |
| 21:17 | Crear | Villager (Male) |
| 21:30 | Crear | Fishing Ship |
| 21:31 | Crear | Fishing Ship |
| 21:32 | Crear | Villager (Male) |
| 21:44 | Crear | Villager (Male) |
| 21:46 | Crear | Fishing Ship |
| 21:48 | Crear | Eagle Scout |
| 21:48 | Crear | Eagle Scout |
| 21:48 | Crear | Eagle Scout |
| 22:05 | Crear | Fishing Ship |
| 22:05 | Crear | Fishing Ship |
| 22:10 | Crear | Villager (Male) |
| 22:13 | Construir | Dock |
| 22:22 | Construir | House |
| 22:23 | Construir | House |
| 22:24 | Construir | House |
| 22:29 | Construir | House |
| 22:33 | Investigar | Town Watch |
| 22:33 | Investigar | Town Watch |
| 22:35 | Crear | Eagle Scout |
| 22:35 | Crear | Eagle Scout |
| 22:53 | Crear | Eagle Scout |
| 23:01 | Crear | Villager (Male) |
Cronología de la partida
| 0:33 | ReydeCopas · first_building Dock |
| 0:35 | hK | Hurakán · first_building Dock |
| 0:35 | Xololo · first_building Dock |
| 0:50 | Space☆Cuchito · first_building Dock |
| 1:08 | Dino_M · first_building Dock |
| 1:19 | Xololo · wall_segment Palisade Wall x1 |
| 1:20 | Xololo · wall_segment Palisade Wall x1 |
| 1:22 | Xololo · wall_segment Palisade Wall x1 |
| 1:23 | Xololo · wall_segment Palisade Wall x1 |
| 1:27 | hK | FraKTal · wall_segment Palisade Wall x1 |
| 1:27 | hK | FraKTal · wall_segment Palisade Wall x1 |
| 1:42 | Xololo · wall_segment Palisade Wall x1 |
| 2:01 | [BÜN] Schmirgel · first_building Dock |
| 2:13 | [SotC] Spirit · first_building Dock |
| 2:18 | hK | FraKTal · wall_segment Palisade Wall x1 |
| 2:23 | [BÜN] Schmirgel · wall_segment Palisade Wall x1 |
| 2:31 | hK | FraKTal · wall_segment Palisade Wall x1 |
| 2:32 | hK | FraKTal · wall_segment Palisade Wall x1 |
| 2:35 | hK | FraKTal · wall_segment Palisade Wall x1 |
| 3:18 | hK | FraKTal · first_building Dock |
| 3:56 | Dino_M · wall_segment Palisade Wall x1 |
| 4:05 | Dino_M · wall_segment Palisade Wall x1 |
| 4:07 | [SotC] Spirit · wall_segment Palisade Wall x1 |
| 4:47 | hK | FraKTal · wall_segment Palisade Wall x1 |
| 4:49 | hK | FraKTal · wall_segment Palisade Wall x1 |
| 4:52 | hK | FraKTal · wall_segment Palisade Wall x1 |
| 5:08 | [BÜN] Schmirgel · wall_segment Palisade Wall x1 |
| 5:19 | hK | FraKTal · wall_segment Palisade Wall x1 |
| 5:32 | [BÜN] Schmirgel · wall_segment Palisade Wall x1 |
| 6:12 | ReydeCopas · wall_segment Palisade Wall x1 |
| 6:28 | [BÜN] Schmirgel · wall_segment Palisade Wall x1 |
| 7:39 | hK | FraKTal · wall_segment Palisade Wall x1 |
| 7:40 | hK | FraKTal · wall_segment Palisade Wall x1 |
| 8:54 | ReydeCopas · wall_segment Palisade Wall x1 |
| 9:25 | ReydeCopas · wall_segment Palisade Wall x1 |
| 10:42 | Xololo · wall_segment Palisade Wall x1 |
| 10:42 | ReydeCopas · age_up feudal |
| 10:45 | Xololo · wall_segment Palisade Wall x1 |
| 11:29 | Xololo · wall_segment Palisade Wall x1 |
| 11:33 | Xololo · wall_segment Palisade Wall x1 |
| 11:35 | Xololo · wall_segment Palisade Wall x1 |
| 11:38 | Xololo · wall_segment Palisade Wall x1 |
| 11:39 | Xololo · wall_segment Palisade Wall x1 |
| 11:43 | Xololo · wall_segment Palisade Wall x1 |
| 11:44 | Xololo · wall_segment Palisade Wall x1 |
| 11:49 | Xololo · wall_segment Palisade Wall x1 |
| 12:10 | [SotC] Spirit · age_up feudal |
| 12:34 | Dino_M · age_up feudal |
| 12:55 | hK | Hurakán · age_up feudal |
| 13:17 | hK | Hurakán · wall_segment Palisade Wall x1 |
| 13:47 | Xololo · age_up feudal |
| 14:00 | Space☆Cuchito · age_up feudal |
| 14:31 | hK | Hurakán · wall_segment Palisade Wall x1 |
| 14:37 | [BÜN] Schmirgel · age_up feudal |
| 14:56 | Space☆Cuchito · first_market_sell 100 stone |
| 15:19 | hK | FraKTal · age_up feudal |
| 16:00 | hK | Hurakán · wall_segment Palisade Wall x9 |
| 17:33 | Dino_M · first_building Barracks |
| 17:40 | hK | Hurakán · age_up castle |
| 17:48 | hK | Hurakán · first_building Castle |
| 17:56 | [SotC] Spirit · first_market_buy 100 food |
| 17:57 | Space☆Cuchito · age_up castle |
| 17:58 | Xololo · age_up castle |
| 18:01 | Space☆Cuchito · first_building Castle |
| 18:07 | Xololo · first_building Castle |
| 18:14 | hK | FraKTal · first_building Barracks |
| 18:51 | Dino_M · first_building Stable |
| 18:59 | Dino_M · wall_segment Palisade Wall x1 |
| 19:24 | hK | FraKTal · age_up castle |
| 19:40 | [SotC] Spirit · first_market_sell 500 wood |
| 20:44 | [SotC] Spirit · first_building Barracks |
| 20:49 | Space☆Cuchito · first_building Siege Workshop |
| 21:04 | ReydeCopas · first_market_buy 100 food |
| 21:14 | [BÜN] Schmirgel · first_market_sell 100 stone |
| 21:15 | hK | FraKTal · first_market_buy 100 food |
| 21:16 | [BÜN] Schmirgel · first_market_buy 100 food |
| 21:44 | [SotC] Spirit · first_building Archery Range |
| 21:54 | Dino_M · first_market_buy 100 food |
| 22:30 | [SotC] Spirit · age_up castle |
| 22:41 | ReydeCopas · first_market_sell 100 wood |
| 22:49 | [SotC] Spirit · first_building Monastery |
| 23:12 | Dino_M · age_up castle |
| 23:46 | Xololo · first_market_sell 100 wood |
| 24:28 | [SotC] Spirit · wall_segment Palisade Wall x1 |
| 25:23 | hK | FraKTal · first_market_sell 100 wood |
| 25:32 | ReydeCopas · age_up castle |
| 25:56 | [BÜN] Schmirgel · age_up castle |
| 26:29 | Xololo · first_market_buy 100 food |
| 28:13 | hK | Hurakán · wall_segment Palisade Wall x1 |
| 28:38 | ReydeCopas · first_building Monastery |
| 29:41 | ReydeCopas · first_building Castle |
| 30:04 | Xololo · wall_segment Stone Wall x13 |
| 30:46 | hK | FraKTal · wall_segment Palisade Wall x1 |
| 31:06 | Space☆Cuchito · wall_segment Palisade Wall x1 |
| 31:14 | Xololo · wall_segment Stone Wall x1 |
| 33:04 | ReydeCopas · first_building Barracks |
| 33:05 | Space☆Cuchito · first_market_buy 100 wood |
| 33:16 | hK | Hurakán · first_market_buy 100 wood |
| 33:29 | hK | Hurakán · first_building Barracks |
| 33:52 | hK | Hurakán · first_building Siege Workshop |
| 33:55 | Dino_M · first_building Castle |
| 34:08 | ReydeCopas · first_building Stable |
| 34:20 | hK | Hurakán · wall_segment Stone Wall x1 |
| 34:22 | hK | Hurakán · wall_segment Stone Wall x6 |
| 34:35 | Space☆Cuchito · first_building Barracks |
| 34:37 | hK | Hurakán · age_up imperial |
| 34:55 | hK | Hurakán · first_building Stable |
| 35:08 | Xololo · wall_segment Stone Wall x13 |
| 35:16 | Dino_M · first_building Siege Workshop |
| 35:20 | [BÜN] Schmirgel · wall_segment Stone Wall x11 |
| 35:27 | [BÜN] Schmirgel · wall_segment Stone Wall x5 |
| 35:36 | Space☆Cuchito · first_building Stable |
| 35:49 | [SotC] Spirit · first_building Castle |
| 35:50 | ReydeCopas · age_up imperial |
| 36:02 | Dino_M · first_market_sell 500 stone |
| 37:49 | Xololo · tribute_sent a jugador 1 |
| 37:49 | Xololo · tribute_sent a jugador 2 |
| 37:49 | Xololo · tribute_sent a jugador 3 |
| 37:49 | Xololo · tribute_sent a jugador 4 |
| 37:49 | Xololo · tribute_sent a jugador 6 |
| 37:49 | Xololo · tribute_sent a jugador 7 |
| 37:49 | Xololo · tribute_sent a jugador 8 |
| 38:10 | Space☆Cuchito · age_up imperial |
| 38:18 | hK | Hurakán · first_market_sell 500 stone |
| 39:14 | Xololo · age_up imperial |
| 40:19 | [SotC] Spirit · first_building Siege Workshop |
| 40:25 | [SotC] Spirit · age_up imperial |
| 40:29 | [BÜN] Schmirgel · first_building Castle |
| 40:53 | [BÜN] Schmirgel · first_building Barracks |
| 41:37 | Xololo · first_building Barracks |
| 41:48 | Xololo · wall_segment Stone Wall x1 |
| 41:57 | Xololo · first_building Monastery |
| 42:05 | [BÜN] Schmirgel · first_building Stable |
| 42:31 | Xololo · wall_segment Stone Wall x6 |
| 42:47 | Xololo · wall_segment Stone Wall x6 |
| 42:50 | ReydeCopas · first_building Archery Range |
| 42:54 | Xololo · wall_segment Stone Wall x3 |
| 42:59 | Xololo · wall_segment Stone Wall x1 |
| 43:00 | Xololo · wall_segment Stone Wall x1 |
| 43:04 | Xololo · wall_segment Stone Wall x1 |
| 43:07 | Xololo · wall_segment Stone Wall x1 |
| 43:09 | Xololo · wall_segment Stone Wall x1 |
| 43:10 | Space☆Cuchito · wall_segment Stone Wall x12 |
| 43:12 | Xololo · wall_segment Stone Wall x1 |
| 43:27 | Space☆Cuchito · first_building Archery Range |
| 43:47 | hK | FraKTal · first_building Castle |
| 45:21 | [SotC] Spirit · wall_segment Stone Wall x3 |
| 45:23 | [SotC] Spirit · wall_segment Stone Wall x1 |
| 46:45 | [BÜN] Schmirgel · age_up imperial |
| 48:25 | Space☆Cuchito · first_building Monastery |
| 49:02 | hK | FraKTal · age_up imperial |
| 50:27 | [BÜN] Schmirgel · first_building Siege Workshop |
| 50:29 | Dino_M · wall_segment Palisade Wall x25 |
| 50:31 | [SotC] Spirit · wall_segment Stone Wall x4 |
| 50:44 | [SotC] Spirit · wall_segment Stone Wall x1 |
| 50:47 | [SotC] Spirit · wall_segment Stone Wall x1 |
| 51:58 | [SotC] Spirit · wall_segment Stone Wall x5 |
| 54:41 | Space☆Cuchito · tribute_sent a jugador 1 |
| 54:41 | Space☆Cuchito · tribute_sent a jugador 3 |
| 54:41 | Space☆Cuchito · tribute_sent a jugador 4 |
| 54:41 | Space☆Cuchito · tribute_sent a jugador 5 |
| 54:41 | Space☆Cuchito · tribute_sent a jugador 6 |
| 54:41 | Space☆Cuchito · tribute_sent a jugador 7 |
| 54:41 | Space☆Cuchito · tribute_sent a jugador 8 |
| 57:23 | [SotC] Spirit · wall_segment Stone Wall x5 |
| 57:48 | hK | FraKTal · first_building Siege Workshop |
| 59:32 | Xololo · tribute_sent a jugador 1 |
| 59:32 | Xololo · tribute_sent a jugador 2 |
| 59:32 | Xololo · tribute_sent a jugador 3 |
| 59:32 | Xololo · tribute_sent a jugador 4 |
| 59:32 | Xololo · tribute_sent a jugador 6 |
| 59:32 | Xololo · tribute_sent a jugador 7 |
| 59:32 | Xololo · tribute_sent a jugador 8 |
| 59:42 | [SotC] Spirit · wall_segment Stone Wall x4 |
| 60:56 | Xololo · first_building Siege Workshop |
| 61:01 | hK | FraKTal · first_building Archery Range |
| 62:14 | Xololo · tribute_sent a jugador 1 |
| 62:14 | Xololo · tribute_sent a jugador 2 |
| 62:14 | Xololo · tribute_sent a jugador 3 |
| 62:14 | Xololo · tribute_sent a jugador 4 |
| 62:14 | Xololo · tribute_sent a jugador 6 |
| 62:14 | Xololo · tribute_sent a jugador 7 |
| 62:14 | Xololo · tribute_sent a jugador 8 |
| 63:02 | Xololo · tribute_sent a jugador 1 |
| 63:02 | Xololo · tribute_sent a jugador 2 |
| 63:02 | Xololo · tribute_sent a jugador 3 |
| 63:02 | Xololo · tribute_sent a jugador 4 |
| 63:03 | Xololo · tribute_sent a jugador 6 |
| 63:03 | Xololo · tribute_sent a jugador 7 |
| 63:03 | Xololo · tribute_sent a jugador 8 |
| 68:27 | Xololo · wall_segment Stone Wall x1 |
| 69:23 | Xololo · tribute_sent a jugador 1 |
| 69:23 | Xololo · tribute_sent a jugador 2 |
| 69:23 | Xololo · tribute_sent a jugador 3 |
| 69:23 | Xololo · tribute_sent a jugador 4 |
| 69:23 | Xololo · tribute_sent a jugador 6 |
| 69:23 | Xololo · tribute_sent a jugador 7 |
| 69:23 | Xololo · tribute_sent a jugador 8 |
| 69:40 | [BÜN] Schmirgel · wall_segment Stone Wall x1 |
| 71:18 | hK | Hurakán · first_building Archery Range |
| 72:37 | Dino_M · age_up imperial |
| 74:34 | [BÜN] Schmirgel · tribute_sent a jugador 1 |
| 74:34 | [BÜN] Schmirgel · tribute_sent a jugador 2 |
| 74:34 | [BÜN] Schmirgel · tribute_sent a jugador 3 |
| 74:34 | [BÜN] Schmirgel · tribute_sent a jugador 4 |
| 74:34 | [BÜN] Schmirgel · tribute_sent a jugador 5 |
| 74:34 | [BÜN] Schmirgel · tribute_sent a jugador 6 |
| 74:34 | [BÜN] Schmirgel · tribute_sent a jugador 8 |
| 76:43 | [BÜN] Schmirgel · tribute_sent a jugador 1 |
| 76:43 | [BÜN] Schmirgel · tribute_sent a jugador 2 |
| 76:43 | [BÜN] Schmirgel · tribute_sent a jugador 3 |
| 76:43 | [BÜN] Schmirgel · tribute_sent a jugador 4 |
| 76:43 | [BÜN] Schmirgel · tribute_sent a jugador 5 |
| 76:43 | [BÜN] Schmirgel · tribute_sent a jugador 6 |
| 76:43 | [BÜN] Schmirgel · tribute_sent a jugador 8 |
| 77:11 | ReydeCopas · first_building Siege Workshop |
| 77:13 | Xololo · tribute_sent a jugador 1 |
| 77:13 | Xololo · tribute_sent a jugador 2 |
| 77:13 | Xololo · tribute_sent a jugador 3 |
| 77:13 | Xololo · tribute_sent a jugador 4 |
| 77:13 | Xololo · tribute_sent a jugador 6 |
| 77:13 | Xololo · tribute_sent a jugador 7 |
| 77:13 | Xololo · tribute_sent a jugador 8 |
| 77:15 | [BÜN] Schmirgel · tribute_sent a jugador 1 |
| 77:15 | [BÜN] Schmirgel · tribute_sent a jugador 2 |
| 77:15 | [BÜN] Schmirgel · tribute_sent a jugador 3 |
| 77:15 | [BÜN] Schmirgel · tribute_sent a jugador 4 |
| 77:15 | [BÜN] Schmirgel · tribute_sent a jugador 5 |
| 77:15 | [BÜN] Schmirgel · tribute_sent a jugador 6 |
| 77:15 | [BÜN] Schmirgel · tribute_sent a jugador 8 |
| 77:47 | [BÜN] Schmirgel · tribute_sent a jugador 1 |
| 77:47 | [BÜN] Schmirgel · tribute_sent a jugador 2 |
| 77:47 | [BÜN] Schmirgel · tribute_sent a jugador 3 |
| 77:47 | [BÜN] Schmirgel · tribute_sent a jugador 4 |
| 77:47 | [BÜN] Schmirgel · tribute_sent a jugador 5 |
| 77:47 | [BÜN] Schmirgel · tribute_sent a jugador 6 |
| 77:47 | [BÜN] Schmirgel · tribute_sent a jugador 8 |
| 77:51 | [SotC] Spirit · tribute_sent a jugador 1 |
| 77:51 | [SotC] Spirit · tribute_sent a jugador 2 |
| 77:51 | [SotC] Spirit · tribute_sent a jugador 4 |
| 77:51 | [SotC] Spirit · tribute_sent a jugador 5 |
| 77:51 | [SotC] Spirit · tribute_sent a jugador 6 |
| 77:51 | [SotC] Spirit · tribute_sent a jugador 7 |
| 77:51 | [SotC] Spirit · tribute_sent a jugador 8 |
| 78:00 | ReydeCopas · tribute_sent a jugador 1 |
| 78:00 | ReydeCopas · tribute_sent a jugador 2 |
| 78:00 | ReydeCopas · tribute_sent a jugador 3 |
| 78:00 | ReydeCopas · tribute_sent a jugador 4 |
| 78:00 | ReydeCopas · tribute_sent a jugador 5 |
| 78:00 | ReydeCopas · tribute_sent a jugador 7 |
| 78:00 | ReydeCopas · tribute_sent a jugador 8 |
| 79:51 | [BÜN] Schmirgel · wall_segment Stone Wall x7 |
| 81:08 | Xololo · wall_segment Stone Wall x16 |
| 82:05 | Xololo · wall_segment Stone Wall x9 |
| 82:27 | Dino_M · wall_segment Palisade Wall x1 |
| 85:48 | [SotC] Spirit · tribute_sent a jugador 1 |
| 85:48 | [SotC] Spirit · tribute_sent a jugador 2 |
| 85:48 | [SotC] Spirit · tribute_sent a jugador 4 |
| 85:48 | [SotC] Spirit · tribute_sent a jugador 5 |
| 85:48 | [SotC] Spirit · tribute_sent a jugador 6 |
| 85:48 | [SotC] Spirit · tribute_sent a jugador 7 |
| 85:48 | [SotC] Spirit · tribute_sent a jugador 8 |
| 85:54 | [BÜN] Schmirgel · tribute_sent a jugador 1 |
| 85:54 | [BÜN] Schmirgel · tribute_sent a jugador 2 |
| 85:54 | [BÜN] Schmirgel · tribute_sent a jugador 3 |
| 85:54 | [BÜN] Schmirgel · tribute_sent a jugador 4 |
| 85:54 | [BÜN] Schmirgel · tribute_sent a jugador 5 |
| 85:54 | [BÜN] Schmirgel · tribute_sent a jugador 6 |
| 85:54 | [BÜN] Schmirgel · tribute_sent a jugador 8 |
| 89:33 | ReydeCopas · resign |
| 89:40 | Xololo · tribute_sent a jugador 1 |
| 89:40 | Xololo · tribute_sent a jugador 2 |
| 89:40 | Xololo · tribute_sent a jugador 3 |
| 89:40 | Xololo · tribute_sent a jugador 4 |
| 89:40 | Xololo · tribute_sent a jugador 6 |
| 89:40 | Xololo · tribute_sent a jugador 7 |
| 89:40 | Xololo · tribute_sent a jugador 8 |
[ ANÁLISIS IA · 1 CRÉDITO ]
¿Qué pasó realmente en esta partida?
Wolo.gg analiza cada decisión: build order, eco, micro, errores típicos por bracket. Análisis personalizado por WhatsApp o Discord en 30 segundos.
Guía civ
Francos
Perfil
Jugador #667382